 Dungeon Crawl Stone Soup version 0.31.0-11-ge490571c62 (webtiles) character file.

Game seed: 6303665162869838442

474 hawla the Chopper (level 7, -1/63 HPs)
             Began as a Hill Orc Monk on Jan 28, 2024.
             Succumbed to a scorpion's poison
             ... in an ossuary.
             The game lasted 00:08:36 (2429 turns).

hawla the Chopper (Hill Orc Monk)                   Turns: 2429, Time: 00:08:37

Health: -1/63      AC:  7    Str: 16    XL:     7   Next: 10%
Magic:  7/7        EV: 13    Int: 10    God:
Gold:   80         SH:  0    Dex: 13    Spells: 6/6 levels left

rFire   . . .        a - +1 hand axe
rCold   . . .        d - orb {light}
rNeg    . . .        k - +0 leather armour
rPois   .            (no helmet)
rElec   .            (no cloak)
rCorr   .            (no gloves)
SInv    .            (no boots)
Will    .....        (no amulet)
Stlth   +            i - +4 ring of protection
HPRegen 0.30/turn    (no ring)
MPRegen 0.10/turn

%: no passive effects
@: brilliant, lethally poisoned (-1 -> -10), glowing
A: no striking features
a: no special abilities


You were in an ossuary.
You visited 1 branch of the dungeon, and saw 4 of its levels.
You also visited: Ossuary.

You collected 80 gold pieces.

Inventory:

Hand Weapons
 a - a +1 hand axe (weapon)
Armour
 d - an orb of light (worn)
 k - a +0 leather armour (worn)
Jewellery
 i - a +4 ring of protection (left hand)
Scrolls
 e - a scroll of butterflies
 f - 2 scrolls of revelation
 h - 2 scrolls of teleportation
Potions
 c - a potion of enlightenment


   Skills:
 + Level 6.2 Fighting
 + Level 6.7 Axes
 + Level 4.1 Dodging


You had 6 spell levels left.
You didn't know any spells.
Your spell library contained the following spells:

 Spells                   Type           Power      Damage    Failure   Level
 Passage of Golubria      Tloc           0%         N/A       99%         4
 Silence                  Hex/Air        0%         N/A       100%        5
 Lehudib's Crystal Spear  Conj/Erth      0%         10d2      100%        8


Dungeon Overview and Level Annotations

Branches:
Dungeon (4/15)             Temple (0/1) D:4         Ossuary (1/1)

Altars:
Cheibriados


Message History

You hit the scorpion zombie.
You hit the scorpion zombie but do no damage.
You feel sick. The scorpion zombie barely misses you.
The scorpion zombie hits you. The scorpion closely misses you.
You barely miss the scorpion.
The scorpion is almost dead.
You hit the scorpion zombie but do no damage.
You hit the scorpion zombie.
You feel sick. The scorpion zombie closely misses you.
The scorpion zombie hits you. The scorpion stings you.
* * * LOW HITPOINT WARNING * * *
Okay, then.
You hit the scorpion but do no damage.
The scorpion is almost dead.
You hit the scorpion zombie. x2; You feel sick.
The scorpion stings you but does no damage.
The scorpion zombie hits you.
* * * LOW HITPOINT WARNING * * *
The scorpion zombie barely misses you. The scorpion stings you.
* * * LOW HITPOINT WARNING * * *
You are lethally poisoned!
The scorpion poisons you!
You hit the scorpion.
You kill the scorpion!
You hit the scorpion zombie. x2
You destroy the scorpion zombie!
* * * LOW HITPOINT WARNING * * *
You feel very sick. The scorpion zombie barely misses you.
Your Dodging skill increases to level 4!
You have reached level 7!
Okay, then.
Okay, then.
You slash the scorpion zombie!
You destroy the scorpion zombie!
* * * LOW HITPOINT WARNING * * *
You feel very sick.
Unknown command.
You feel clever all of a sudden.
You die...

####### ..#...# #.....
.....# ∩.'.∩.#
+.....#.....# ..#...#
#.....8.....#
####'###+##...........#
..#...#...#...........
..8...#..!###8.....8###
......#?!M#....†......#
8...8######.....@.....#
......#...#.....8.....#
..8...#...'.....#.....#
..#...#...#.....#.....#
'#######'###########+##
..#...#...# ..'...8...#
..#.......# ####8...8##


There were no monsters in sight!

Vanquished Creatures
  An ogre (D:4)
  A scorpion (Ossuary)
  A jelly (D:4)
  An orc priest (D:3)
  Terence (D:3)
  3 orc wizards (D:3)
  2 scorpion zombies (Ossuary)
  2 adders
  3 adder zombies (Ossuary)
  4 dart slugs
  A ribbon worm (D:3)
  7 orcs
  6 ball pythons
  8 bats
  15 endoplasms
  A giant cockroach (D:2)
  10 goblins
  4 hobgoblins
  2 jackals (D:1)
  3 quokkas (D:3)
  A ball python zombie (Ossuary)
  2 frilled lizards
  3 jackal zombies (Ossuary)
  A kobold (D:1)
  8 rats
91 creatures vanquished.

Notes
Turn   | Place    | Note
-------+----------+-------------------------------------------
     0 | D:1      | hawla the Hill Orc Monk began the quest for the Orb.
     0 | D:1      | Reached XP level 1. HP: 19/19 MP: 1/1
    33 | D:1      | Reached XP level 2. HP: 19/27 MP: 2/2
   349 | D:1      | Reached XP level 3. HP: 29/33 MP: 3/3
  1389 | D:2      | Reached XP level 4. HP: 37/41 MP: 4/4
  1583 | D:2      | Found a faded altar of an unknown god.
  1594 | D:2      | Reached skill level 5 in Axes
  1771 | D:3      | Noticed Terence
  1791 | D:3      | Killed Terence
  1805 | D:3      | Reached XP level 5. HP: 13/47 MP: 5/5
  1988 | D:3      | Reached skill level 5 in Fighting
  2037 | D:3      | You fall into a shaft and drop 1 floor!
  2060 | D:4      | Noticed an ogre
  2180 | D:4      | Killed an ogre
  2181 | D:4      | Reached XP level 6. HP: 43/57 MP: 6/6
  2221 | D:4      | Found a snail-covered altar of Cheibriados.
  2323 | D:4      | Found a sand-covered staircase.
  2330 | Ossuary  | Entered an ossuary
  2428 | Ossuary  | Reached XP level 7. HP: 5/63 MP: 7/7
  2428 | Ossuary  | HP: 2/63 [poisoned by a scorpion]
  2429 | Ossuary  | Succumbed to a scorpion's poison

Illustrated notes

Levels and vault maps discovered:
D:1:      minmay_arrival_stair_chambers, layout_basic
D:2:      layout_rooms, shapermc_ecumenical_altar_mp_highgroup,
          hangedman_decor_points
D:3:      layout_basic, minmay_fountain_box, minmay_fractal_squares_diagonal_5,
          uniq_terence
D:4:      layout_basic, mainiacjoe_overflow_tiny_flanked,
          minmay_temple_entry_glassed_door, enter_ossuary_3, chequers_big_river
Ossuary:  ossuary_minmay_scorpions

Skill      XL: |  1  2  3  4  5  6 |
---------------+-------------------+-----
Fighting       | 4 5 6 |  6.2
Dodging        | 3 4 |  4.1
Axes           | 5 6 |  6.7

Action                     |  1- 3 |  4- 6 |  7- 9 || total
---------------------------+-------+-------+-------++-------
  Melee: Hand axe          |    72 |   149 |     1 ||   222
    Use: Scroll            |     4 |     5 |       ||     9
         Potion            |       |     2 |     1 ||     3
 Armour: Robe              |    30 |     6 |       ||    36
         Leather armour    |       |   105 |       ||   105
  Dodge: Dodged            |    49 |   107 |       ||   156
